 Dungeon Crawl Stone Soup version 0.18-b1-18-g7758cf2 (webtiles) character file.

198 Chiseanne the Magician (level 5, -2/35 HPs)
             Began as a Demonspawn Wizard on May 2, 2016.
             Slain by a scorpion (9 damage)
             ... on level 4 of the Dungeon.
             The game lasted 00:09:34 (4391 turns).

Chiseanne the Magician (Demonspawn Wizard)          Turns: 4391, Time: 00:09:35

Health: -2/35      AC:  3    Str:  8    XL:     5   Next: 47%
Magic:  0/11       EV: 12    Int: 20    God:
Gold:   181        SH:  0    Dex: 11    Spells: 5 memorised, 2 levels left

rFire  . . .     SeeInvis .     a - +2 dagger (elec)
rCold  . . .     Gourm    .     w - +0 robe
rNeg   . . .     Faith    .     (no shield)
rPois  .         Spirit   +     b - +0 hat
rElec  .         Dismiss  .     g - +0 cloak
rCorr  .         Reflect  .     (no gloves)
SustAt .         Harm     .     (no boots)
MR     .....                    (no amulet)
Stlth  ++........               (no ring)
                                (no ring)

@: repel missiles, not resistant to hostile enchantments, unstealthy
A: talons 1, magic shield, sturdy frame 2
a: no special abilities


You were on level 4 of the Dungeon.
You were not hungry.

You visited 1 branch of the dungeon, and saw 4 of its levels.
You also visited: Sewer.

You collected 181 gold pieces.

Inventory:

Hand Weapons
 a - a +2 dagger of electrocution (weapon)
Missiles
 e - 14 poisoned needles
 i - 142 stones (quivered)
 j - 54 sling bullets
Armour
 b - a +0 hat (worn)
 g - a +0 cloak (worn)
 w - a +0 robe (worn)
Jewellery
 m - an uncursed ring of ice
 n - an uncursed ring of resist corrosion {unknown}
Scrolls
 h - a scroll of teleportation
 q - a scroll of magic mapping
 s - 2 scrolls of recharging
Potions
 k - 2 potions of heal wounds
 p - a potion of berserk rage {unknown}
 r - 2 potions of might {unknown}
 t - 3 potions of magic {unknown}
 u - a potion of curing {unknown}
Books
 c - a book of Minor Magic

   Spells                             Type                      Level
   a - Magic Dart                     Conjuration                  1
   b - Blink                          Translocation                2
   c - Call Imp                       Summoning                    2
   d - Repel Missiles                 Charms/Air                   2
   e - Slow                           Hexes                        2
   f - Conjure Flame                  Conjuration/Fire             3
   g - Mephitic Cloud                 Conjuration/Poison/Air       3
Comestibles
 d - 2 bread rations
 f - 2 meat rations
 l - a royal jelly
 o - a beef jerky


   Skills:
 - Level 1.7 Dodging
 - Level 1.7 Stealth
 * Level 4.5 Spellcasting
 * Level 4.0 Conjurations
   Level 1.0 Summonings
 - Level 0.8 Translocations


You had 2 spell levels left.
You knew the following spells:

 Your Spells              Type           Power        Failure   Level  Hunger
a - Magic Dart            Conj           ###.         2%          1    None
b - Blink                 Tloc           N/A          17%         2    #......
c - Repel Missiles        Chrm/Air       #.....       21%         2    #......
d - Mephitic Cloud        Conj/Pois/Air  #.......     24%         3    ##.....
e - Conjure Flame         Conj/Fire      ##......     17%         3    ##.....


Dungeon Overview and Level Annotations

Branches:
Dungeon (4/15)
 Temple: D:4-7

Altars:
Ru
Sif Muna

Shops:
D:4 [


Innate Abilities, Weirdness & Mutations

You have sharp toenails.
When hurt, damage is shared between your health and your magic reserves.
Your movements are less encumbered by armour (ER -4).


Message History

You have reached level 5!
Your demonic ancestry asserts itself...
Your toenails lengthen and sharpen.
The scorpion stings you.
You barely miss the scorpion.
The scorpion is lightly wounded.
The scorpion stings you.
You hit the scorpion.
You claw the scorpion, but do no damage.
The scorpion is moderately wounded.
The scorpion stings you.
You completely miss the scorpion.
You claw the scorpion, but do no damage.
The scorpion is moderately wounded.
The scorpion stings you.
* * * LOW HITPOINT WARNING * * *
You hit the scorpion but do no damage.
The scorpion is moderately wounded.
The scorpion stings you!
You die...

### +.#
#.##########
#..........#
#......#'''#
#.....##O..#
+<...##.....#
#..@)# ..S...#
#..s.#...∩...#
#....#.......#
#....##.....##
#.....#
#......#
#........
#.........
#..../..##


You could see a scorpion.

Vanquished Creatures
  An ogre (D:4)
  4 adders
  A worm (D:2)
  2 giant geckos
  5 bats
  4 giant cockroaches
  8 goblins
  9 hobgoblins
  9 jackals
  10 kobolds
  2 quokkas (D:2)
  3 ball pythons
  7 giant newts
  4 rats
  4 plants (Sewer)
73 creatures vanquished.

Notes
Turn   | Place    | Note
--------------------------------------------------------------
     0 | D:1      | Chiseanne the Demonspawn Wizard began the quest for the Orb.
     0 | D:1      | Reached XP level 1. HP: 13/13 MP: 4/4
   393 | D:1      | Gained mutation: Your movements are slightly less encumbered by armour (ER -2). [demonic ancestry]
   393 | D:1      | Reached XP level 2. HP: 19/19 MP: 3/6
  1152 | D:2      | Gained mutation: When hurt, damage is shared between your health and your magic reserves. [demonic ancestry]
  1152 | D:2      | Reached XP level 3. HP: 14/24 MP: 5/8
  2265 | D:3      | Gained mutation: Your movements are less encumbered by armour (ER -4). [demonic ancestry]
  2265 | D:3      | Reached XP level 4. HP: 30/30 MP: 4/9
  2467 | D:3      | Learned a level 2 spell: Blink
  2470 | D:3      | Learned a level 2 spell: Repel Missiles
  2596 | D:3      | Found a glowing drain.
  2601 | Sewer    | Entered a sewer
  3958 | D:3      | Found a sacrificial altar of Ru.
  4006 | D:3      | Found a deep blue altar of Sif Muna.
  4357 | D:4      | Found Kest's Armour Emporium.
  4357 | D:4      | Noticed an ogre
  4371 | D:3      | Learned a level 3 spell: Mephitic Cloud
  4375 | D:3      | Learned a level 3 spell: Conjure Flame
  4387 | D:4      | Killed an ogre
  4387 | D:4      | Gained mutation: You have sharp toenails. [demonic ancestry]
  4387 | D:4      | Reached XP level 5. HP: 21/35 MP: 1/11
  4391 | D:4      | Slain by a scorpion

Skill      XL: |  1  2  3  4 |
---------------+-------------+-----
Conjurations   | 2 4 |  4.0
Spellcasting   | 4 |  4.5
Dodging        | |  1.7
Stealth        | |  1.7
Summonings     | |  1.0
Translocations | |  0.8

Action                   |  1- 3 |  4- 6 || total
-------------------------+-------+-------++-------
Melee: Short sword       |     7 |   364 ||   371
       Dagger            |       |     8 ||     8
       Kick              |       |     2 ||     2
 Cast: Magic Dart        |    98 |    48 ||   146
       Blink             |       |     2 ||     2
       Mephitic Cloud    |       |     1 ||     1
       Repel Missiles    |       |     1 ||     1
  Use: Scroll            |     5 |     5 ||    10
       Potion            |     5 |       ||     5
  Eat: Chunk             |     4 |     3 ||     7
       Meat ration       |       |     1 ||     1
Armor: Robe              |     1 |       ||     1
       Leather armour    |     6 |       ||     6
Dodge: Dodged            |    15 |     9 ||    24
